 Dungeon Crawl Stone Soup version 0.30-a0-743-gbfdf073431 (webtiles) character file.

Game seed: 10041094482293015563

82964 browni3141 the Cleaver (level 15, -3/109 HPs)
             Began as a Mummy Cinder Acolyte on Feb 7, 2023.
             Was a Priest of Ignis.
             Slain by a minotaur simulacrum (10 damage)
             ... summoned by an orange crystal statue
             ... in an ice cave.
             The game lasted 01:41:50 (35129 turns).

browni3141 the Cleaver (Mummy Cinder Acolyte)      Turns: 35129, Time: 01:41:51

Health: -3/109     AC: 17    Str: 18    XL:     15   Next: 31%
Magic:  25/25      EV: 12    Int: 24    God:    Ignis [***...]
Gold:   455        SH:  0    Dex: 16    Spells: 11/28 levels left

rFire   x . .      SeeInvis .    b - +0 war axe (venom)
rCold   + + +      Faith    +    I - +0 kite shield
rNeg    + + +      Spirit   .    T - +3 leather armour {rC+}
rPois   ∞          Reflect  .    v - +0 helmet
rElec   .          Harm     .    y - +2 cloak
rCorr   +          Rampage  .    r - +2 pair of gloves
Will    +....                    t - +2 pair of boots
Stlth   ++                       o - amulet of Isylaopo {Regen+ Dex+7}
HPRegen 1.18/turn                s - ring of ice
MPRegen 0.19/turn                O - ring "Urhih" {Drain rCorr Int+5 Stlth+}

@: confused
A: cold resistance 1, negative energy resistance 3, torment resistance 2, heat
vulnerability 1, in touch with death 2, no potions, faith
a: Renounce Religion, Fiery Armour, Foxfire Swarm, Rising Flame


You were in an ice cave.
You worshipped Ignis.
Ignis was most pleased with you.
You visited 3 branches of the dungeon, and saw 21 of its levels.
You also visited: Ossuary and Ice Cave.

You collected 1996 gold pieces.
You spent 1541 gold pieces at shops.

Inventory:

Hand Weapons
 a - a -1 hand axe of flaming
 b - a +0 war axe of venom (weapon)
 e - a +0 club
 m - a +0 hand axe
Missiles
 f - 51 poisoned darts
 i - 45 boomerangs
 P - a curare-tipped dart
Armour
 j - a +0 leather armour
 p - +0 steam dragon scales
 r - a +2 pair of gloves (worn)
 t - a +2 pair of boots (worn)
 v - a +0 helmet (worn)
 w - a +0 robe
 y - a +2 cloak (worn)
 I - a +0 kite shield (worn)
 K - a +0 buckler
 T - a +3 leather armour of cold resistance (worn)
Jewellery
 g - a ring of magical power
 o - the amulet of Isylaopo (around neck) {Regen+ Dex+7}
   (You acquired it on level 9 of the Dungeon)

   [amulet of regeneration]

   Dex:       It affects your dexterity (+7).
   Regen:     It increases your rate of health regeneration.
 s - a ring of ice (left hand)
 u - a +6 ring of strength
 D - an amulet of guardian spirit
 G - a ring of resist corrosion
 H - an amulet of magic regeneration
 O - the ring "Urhih" (right hand) {Drain rCorr Int+5 Stlth+}
   (You bought it in a shop on level 3 of the Dungeon)

   [ring of resist corrosion]

   Int:       It affects your intelligence (+5).
   rCorr:     It protects you from acid and corrosion.
   Drain:     It drains your maximum health when unequipped.
   Stlth:     It makes you more stealthy.
 S - a ring of willpower
 U - a ring of fire
Wands
 F - a wand of acid (7)
 N - a wand of polymorph (5)
 R - a wand of paralysis (6)
 X - a wand of flame (7)
Scrolls
 c - 3 scrolls of fog
 d - 18 scrolls of teleportation
 h - a scroll of brand weapon
 k - 3 scrolls of immolation
 l - 3 scrolls of fear
 n - 4 scrolls of blinking
 q - 5 scrolls of magic mapping
 x - 4 scrolls of poison
 z - a scroll of torment
 A - 6 scrolls of vulnerability
 B - 3 scrolls of amnesia
 C - 9 scrolls of enchant weapon
 E - 4 scrolls of noise
 J - 2 scrolls of silence
 L - 4 scrolls of enchant armour
 W - 2 scrolls of identify
Miscellaneous
 Q - a box of beasts (inert)
 V - a condenser vane (inert)


   Skills:
 + Level 7.6 Fighting
 * Level 14.0 Axes
 - Level 2.0 Throwing
 - Level 5.0 Armour
 - Level 4.0 Dodging
 + Level 10.7 Shields
 - Level 7.0 Spellcasting
 * Level 1.4 Hexes
 - Level 7.0 Necromancy
 - Level 4.0 Fire Magic
 * Level 2.3 Ice Magic
 * Level 2.5 Air Magic
 - Level 2.0 Poison Magic
 + Level 8.9 Evocations


You had 11 spell levels left.
You knew the following spells:

 Your Spells              Type           Power      Damage    Failure   Level
a - Necrotise             Necr           100%       1d9       1%          1
b - Scorch                Fire           54%        2d7       5%          2
c - Vampiric Draining     Necr           76%        2d11      3%          3
d - Cigotuvi's Dreadful   Necr/Pois/Air  100%       N/A       5%          2
e - Swiftness             Air            20%        N/A       19%         3
f - Ensorcelled Hibernat  Hex/Ice        52%        N/A       13%         2
g - Summon Ice Beast      Ice/Summ       21%        N/A       73%         4

Your spell library contained the following spells:

 Spells                   Type           Power      Damage    Failure   Level
 Foxfire                  Conj/Fire      72%        2x1d7     8%          1
 Poisonous Vapours        Pois/Air       38%        N/A       11%         2
 Static Discharge         Conj/Air       28%        2-4/arc   16%         2
 Summon Small Mammal      Summ           32%        N/A       19%         1
 Inner Flame              Hex/Fire       21%        N/A       19%         3
 Passwall                 Tmut/Erth      6%         N/A       26%         2
 Mephitic Cloud           Conj/Pois/Air  15%        N/A       28%         3
 Agony                    Necr           76%        N/A       28%         5
 Vhi's Electric Charge    Tloc/Air       28%        N/A       32%         3
 Anguish                  Hex/Necr       29%        N/A       32%         4
 Summon Guardian Golem    Hex/Summ       11%        N/A       38%         3
 Call Canine Familiar     Summ           8%         N/A       47%         3
 Flame Wave               Conj/Fire      18%        2d7       61%         4
 Sticky Flame             Conj/Fire      18%        2d4       61%         4
 Cause Fear               Hex            7%         N/A       69%         4
 Fireball                 Conj/Fire      9%         3d6       91%         5
 Freezing Cloud           Conj/Ice/Air   12%        6-21      95%         5
 Arcjolt                  Conj/Air       7%         1d17      96%         5
 Lightning Bolt           Conj/Air       7%         1d19      96%         5
 Iskenderun's Battlesphe  Conj           8%         2d6       99%         5
 Simulacrum               Ice/Necr       40%        N/A       99%         6
 Iron Shot                Conj/Erth      4%         9d2       100%        6
 Starburst                Conj/Fire      9%         6d5       100%        6
 Summon Cactus Giant      Summ           4%         N/A       100%        6
 Enfeeble                 Hex            7%         N/A       100%        7
 Spellforged Servitor     Conj/Summ      4%         N/A       100%        7
 Discord                  Hex            7%         N/A       100%        8
 Polar Vortex             Ice            14%        N/A       100%        9


Dungeon Overview and Level Annotations

Branches:
Dungeon (14/15)            Temple (0/1) D:5            Lair (5/5) D:9
  Swamp (0/4) Lair:2        Snake (0/4) Lair:3        Slime (0/5) Lair:5
    Orc (2/2) D:11            Elf (0/3) Orc:2        Vaults (0/5) D:13
Ossuary (visited)           IceCv (1/1)

Altars:
Ashenzari
Cheibriados
Dithmenos
Fedhas
Gozag
Nemelex Xobeh
Okawaru
Ru
Sif Muna
Trog
Uskayaw
Wu Jian
Xom
Jiyva

Shops:
D:3 *[*=   D:6 [   D:11 !   D:14 *   Orc:2 (?!(

Annotations:
D:6 3 runed translucent doors, Dittersdorf's ghost, novice GrFi
Lair:2 exclusion: ghost crab
Lair:5 boo's ghost, journeyman MfGl IceCv exclusions: obsidian statue and orange crystal statue


Innate Abilities, Weirdness & Mutations

You are immune to poison.
Your flesh is cold resistant. (rC+)
You are immune to negative energy. (rN+++)
You are immune to unholy pain and torment.
You are vulnerable to heat. (rF-)
You are strongly in touch with the powers of death.
You do not drink.
You have a special connection with the divine. (Faith)


Message History

The minotaur simulacrum hits you but does no damage.
The minotaur simulacrum gores you but does no damage.
The spriggan defender simulacrum barely misses you.
The obsidian statue's eyes glow briefly.
The spriggan defender simulacrum closely misses you.
The spriggan defender simulacrum attacks as you move away!
The spriggan defender simulacrum barely misses you.
The spriggan defender simulacrum attacks as you move away!
The spriggan defender simulacrum hits you.
The spriggan defender simulacrum freezes you.
You resist.
The harpy simulacrum claws you but does no damage. x2
The harpy simulacrum claws you. The harpy simulacrum freezes you. You resist.
The harpy simulacrum claws you but does no damage.
The ufetubus is engulfed in poison gas.
The ufetubus is poisoned.
You barely miss the minotaur simulacrum.
You closely miss the harpy simulacrum.
You completely miss the spriggan defender simulacrum.
You hit the ice devil but do no damage.
The ice devil is poisoned.
The harpy simulacrum claws you! The harpy simulacrum freezes you. You resist.
The harpy simulacrum completely misses you.
The harpy simulacrum claws you but does no damage.
The harpy simulacrum claws you. The harpy simulacrum freezes you. You resist.
The ufetubus is engulfed in poison gas.
The ufetubus looks even sicker.
The spriggan defender simulacrum hits you!
* * * LOW HITPOINT WARNING * * *
The spriggan defender simulacrum freezes you!
You resist.
* * * LOW HITPOINT WARNING * * *
The harpy simulacrum claws you but does no damage.
The harpy simulacrum claws you!
* * * LOW HITPOINT WARNING * * *
The harpy simulacrum freezes you. You resist.
* * * LOW HITPOINT WARNING * * *
The minotaur simulacrum hits you.
* * * LOW HITPOINT WARNING * * *
The minotaur simulacrum freezes you. You resist.
* * * LOW HITPOINT WARNING * * *
The minotaur simulacrum gores you!
You die...

##..## ##. ##....# #..
##....§# ≈≈## #.....58
#≈≈# ####
#.....5###≈≈#######..##
#.......#..≈##..##....##
##.....5...###..........#
#......Z4...#.......∩.∩.#
#....§ZZ@##....##.......#
#....§§Z####..#####....##
##...§§§8# #### ##..##
##.#§#### #### ####


You could see an ice devil (summoned, very poisoned), an iron imp (summoned), a
shadow imp (summoned), a harpy simulacrum (summoned), 2 spriggan defender
simulacra, a minotaur simulacrum (summoned) and an ufetubus (summoned, very
poisoned).

Vanquished Creatures
  An orc warlord (Orc:2)
  A fire dragon (D:13)
  5 hydras
  A centaur warrior (D:14)
  2 ogre magi (Orc:2)
  3 catoblepae (Lair:5)
  4 boulder beetles
  12 two-headed ogres
  6 death yaks
  An orc high priest (Orc:1)
  Amaemon (Lair:1)
  A fire crab (Lair:4)
  2 deep trolls (Orc:2)
  A phantasmal warrior (D:13)
  2 lindwurms
  Pikel (D:4)
  An orc sorcerer (Orc:1)
  2 ugly things (D:13)
  A deep elf pyromancer (D:13)
  3 manticores
  4 cyclopes
  11 elephants
  6 black mambas
  An orange demon (Lair:1)
  A torpor snail (Lair:4)
  11 cane toads
  2 unseen horrors
  4 gargoyles
  3 rime drakes (Lair:5)
  A freezing wraith (IceCv)
  7 komodo dragons
  A golden dragon simulacrum (IceCv)
  An anaconda simulacrum (D:14)
  2 ice devils (IceCv)
  2 polar bears
  Grinder (D:3)
  15 trolls
  Prince Ribbit (D:8)
  9 blink frogs
  8 slime creatures
  2 wraiths
  56 yaks
  A spectral komodo dragon (Lair:2)
  3 steam dragons
  3 basilisks
  17 vampire mosquitoes
  A warg (Orc:1)
  5 minotaur simulacra
  A harpy simulacrum (IceCv)
  Edmund (D:4)
  2 hydra simulacra (Lair:5)
  19 water moccasins
  3 acid dragons
  23 orc warriors
  A swamp drake (Lair:2)
  A sky beast (D:8)
  2 black bears
  4 black mamba simulacra (Lair:5)
  An ice beast (D:8)
  21 ogres
  18 wolves
  6 centaurs
  A phantom (D:6)
  3 lemures (D:4)
  4 kobold brigands
  14 bullfrogs
  A necrophage (D:6)
  A spectral water moccasin (Lair:2)
  7 gnoll sergeants
  10 scorpions
  5 deep troll simulacra
  4 wights
  2 lindwurm simulacra
  A dream sheep simulacrum (Lair:5)
  21 killer bees
  6 howler monkeys
  5 electric eels
  A centaur zombie (Ossuary)
  4 jellies
  8 hounds
  4 human zombies (Ossuary)
  23 orc priests
  2 gnoll boudas (D:9)
  Terence (D:3)
  4 iguanas
  Natasha (thrice) (D:4 D:3)
  2 scorpion zombies (Ossuary)
  24 orc wizards
  4 hell rats
  3 mummies (Ossuary)
  8 adders
  17 gnolls (D:9)
  4 white imps
  2 ufetubi
  2 worms
  2 dart slugs
  82 orcs
  8 endoplasms
  4 giant cockroaches
  5 goblins
  5 hobgoblins
  16 jackals
  26 kobolds
  4 quokkas
  7 ball pythons
  6 bats
  2 frilled lizards
  2 gnoll zombies (Ossuary)
  2 goblin zombies (Ossuary)
  2 hobgoblin zombies (Ossuary)
  3 kobold zombies (Ossuary)
  2 orc zombies (Ossuary)
  6 rats
718 creatures vanquished.

Vanquished Creatures (collateral kills)
  A hydra (Lair:4)
  A centaur warrior (D:14)
  A death yak (Lair:5)
  An elephant (Lair:5)
  A rime drake (Lair:5)
  A blink frog (Lair:1)
  3 yaks (Lair:1)
  A basilisk (D:14)
  A water moccasin (Lair:1)
  An orc (D:5)
  A jackal (D:2)
13 creatures vanquished.

Vanquished Creatures (others)
  An orc wizard (Orc:1)
  A bush (Lair:5)
  45 fungi
  93 plants
140 creatures vanquished.

Grand Total: 871 creatures vanquished

Notes
Turn   | Place    | Note
-------+----------+-------------------------------------------
     0 | D:1      | browni3141 the Mummy Cinder Acolyte began the quest for the
                  | Orb.
     0 | D:1      | Reached XP level 1. HP: 18/18 MP: 2/2
   263 | D:1      | Reached skill level 3 in Axes
   263 | D:1      | Reached XP level 2. HP: 23/24 MP: 4/4
   412 | D:1      | Learned a level 1 spell: Necrotise
   862 | D:1      | Learned a level 2 spell: Scorch
   872 | D:2      | Reached skill level 1 in Necromancy
  1021 | D:2      | Gained mutation: You are in touch with the powers of death.
                  | [Mummy growth]
  1021 | D:2      | Reached XP level 3. HP: 26/29 MP: 5/5
  1227 | D:2      | Found an ornate altar of the Wu Jian Council.
  1378 | D:2      | Reached XP level 4. HP: 35/35 MP: 6/6
  1531 | D:3      | Found Boitz's General Store.
  1740 | D:3      | Noticed a gnoll sergeant
  1882 | D:3      | Found Unaicw's Jewellery Shoppe.
  1885 | D:3      | Noticed Terence
  2046 | D:3      | Reached XP level 5. HP: 41/41 MP: 7/7
  2087 | D:3      | Reached skill level 1 in Evocations
  2174 | D:3      | Noticed Grinder
  2185 | D:3      | Killed Grinder
  2186 | D:3      | Reached skill level 1 in Armour
  2186 | D:3      | Reached XP level 6. HP: 27/47 MP: 7/8
  2265 | D:3      | Found Istun's General Store.
  2271 | D:3      | Bought a scroll of identify for 20 gold pieces
  2271 | D:3      | Bought a scroll of fog for 40 gold pieces
  2735 | D:3      | Found Ciats's Armour Shoppe.
  2799 | D:3      | Bought a +0 pair of gloves for 45 gold pieces
  2868 | D:3      | Killed Terence
  2869 | D:3      | Reached skill level 5 in Necromancy
  2997 | D:4      | Learned a level 3 spell: Vampiric Draining
  3068 | D:4      | Reached XP level 7. HP: 52/52 MP: 9/9
  3220 | D:4      | Found a blossoming altar of Fedhas.
  3263 | D:4      | Noticed Natasha
  3270 | D:4      | Killed Natasha
  3316 | D:4      | Found a bloodstained altar of Trog.
  3356 | D:4      | Noticed Edmund
  3450 | D:4      | Noticed Natasha
  3464 | D:4      | Killed Natasha
  3486 | D:4      | Noticed Pikel
  3576 | D:4      | Noticed Natasha
  3589 | D:3      | Killed Natasha
  3850 | D:5      | Entered Level 5 of the Dungeon
  4226 | D:5      | Found a shadowy altar of Dithmenos.
  4386 | D:5      | Reached XP level 8. HP: 37/58 MP: 1/11
  4623 | D:3      | Bought a +0 pair of boots for 58 gold pieces
  4732 | D:5      | Found an iron altar of Okawaru.
  4835 | D:5      | Found a staircase to the Ecumenical Temple.
  5208 | D:3      | Bought a +0 cloak for 58 gold pieces
  5671 | D:6      | Found a shimmering altar of Xom.
  5675 | D:6      | Found a sand-covered staircase.
  5716 | Ossuary  | Entered an ossuary
  5832 | Ossuary  | Reached skill level 4 in Axes
  6374 | Ossuary  | Reached skill level 5 in Axes
  6749 | D:6      | Noticed Dittersdorf's ghost (novice GrFi)
  6759 | D:6      | Found a runed translucent gate.
  6759 | D:6      | Found a runed translucent gate.
  6759 | D:6      | Found a runed translucent gate.
  6778 | D:6      | Reached XP level 9. HP: 65/65 MP: 7/12
  7674 | D:6      | Found a sacrificial altar of Ru.
  7866 | D:6      | Found Titeror's Antique Armour Boutique.
  7909 | D:6      | Reached skill level 6 in Axes
  8483 | D:6      | Found Titeror's Antique Armour Boutique.
  8540 | D:6      | Found a shimmering altar of Xom.
  8698 | D:6      | Found a sacrificial altar of Ru.
  9360 | D:7      | Reached skill level 7 in Axes
 10075 | D:7      | Found a broken altar of Ashenzari.
 10148 | D:8      | Reached skill level 8 in Axes
 10498 | D:8      | Noticed a two-headed ogre
 10512 | D:8      | Killed a two-headed ogre
 10513 | D:8      | Reached skill level 9 in Axes
 10513 | D:8      | Reached XP level 10. HP: 51/71 MP: 2/13
 10850 | D:8      | Reached skill level 10 in Axes
 11151 | D:8      | Found a sparkling altar of Nemelex Xobeh.
 11309 | D:8      | Reached skill level 5 in Fighting
 11520 | D:3      | Bought a +0 kite shield for 58 gold pieces
 11705 | D:4      | Killed Edmund
 11789 | D:4      | Identified the +6 rapier of Scorn {heavy, rPois rF- rN++}
 11855 | D:4      | Killed Pikel
 11856 | D:4      | Reached skill level 1 in Shields
 12089 | D:4      | Found the +7 Throatcutter {drain, coup de grace}
 12157 | D:4      | Found a blossoming altar of Fedhas.
 12186 | D:4      | Found a bloodstained altar of Trog.
 12446 | D:9      | Noticed Prince Ribbit
 12464 | D:8      | Killed Prince Ribbit
 12755 | D:9      | Reached XP level 11. HP: 49/81 MP: 3/14
 12806 | D:9      | Reached skill level 5 in Shields
 12997 | D:9      | Found a snail-covered altar of Cheibriados.
 13118 | D:9      | Identified the +2 quarterstaff "Fyllih" {drain, rElec rPois
                  | rN+ Stlth+}
 13123 | D:9      | Found a staircase to the Lair.
 13273 | D:9      | Found a hide-covered altar of Uskayaw.
 13756 | D:9      | Found a shimmering blue altar of Sif Muna.
 14002 | D:10     | Entered Level 10 of the Dungeon
 14002 | D:10     | Found an opulent altar of Gozag.
 14223 | D:3      | Bought the ring "Urhih" {Drain rCorr Int+5 Stlth+} for 381
                  | gold pieces
 14418 | D:10     | Noticed a two-headed ogre
 14443 | D:10     | Killed a two-headed ogre
 15145 | Lair:1   | Entered Level 1 of the Lair of Beasts
 15350 | Lair:1   | Noticed Amaemon
 15377 | Lair:1   | Killed Amaemon
 16238 | Lair:1   | Reached XP level 12. HP: 88/88 MP: 5/15
 17372 | Lair:2   | Reached skill level 5 in Evocations
 18037 | Lair:2   | Learned a level 2 spell: Cigotuvi's Dreadful Rot
 18380 | Lair:2   | Found a staircase to the Swamp.
 18380 | Lair:2   | Noticed a ghost crab
 19110 | Lair:3   | Reached skill level 1 in Air Magic
 19117 | Lair:3   | Reached skill level 1 in Poison Magic
 19268 | Lair:3   | Reached skill level 10 in Shields
 19958 | Lair:3   | Found a staircase to the Snake Pit.
 20815 | Lair:4   | Noticed a boulder beetle
 20827 | Lair:4   | Killed a boulder beetle
 21173 | Lair:4   | Noticed a seven-headed hydra
 21184 | Lair:4   | Killed a six-headed hydra
 21184 | Lair:4   | Noticed a five-headed hydra
 21185 | Lair:4   | Gained mutation: You are strongly in touch with the powers
                  | of death. [Mummy growth]
 21185 | Lair:4   | Reached XP level 13. HP: 36/93 MP: 11/16
 21464 | Lair:4   | Reached skill level 11 in Axes
 21565 | Lair:4   | You fall into a shaft and drop 1 floor!
 21565 | Lair:5   | Entered Level 5 of the Lair of Beasts
 22501 | Lair:5   | Found a runed translucent gate.
 22506 | Lair:5   | Found a runed translucent gate.
 22510 | Lair:5   | Found a runed translucent gate.
 22675 | Lair:5   | Noticed boo's ghost (journeyman MfGl)
 23149 | Lair:5   | Reached skill level 12 in Axes
 24352 | Lair:5   | Reached skill level 13 in Axes
 24352 | Lair:5   | Reached skill level 1 in Throwing
 25193 | Lair:5   | Found a viscous altar of Jiyva.
 25195 | Lair:5   | Found a staircase to the Slime Pits.
 25622 | Lair:5   | Reached XP level 14. HP: 88/100 MP: 1/19
 27157 | Lair:4   | Identified the +8 quarterstaff "Asefeune" {pain, Str+3
                  | Int+3 Dex+3}
 27721 | D:3      | Bought a +3 leather armour of cold resistance for 312 gold
                  | pieces
 27892 | D:9      | Identified a scroll of acquirement
 27896 | D:9      | Acquired the amulet of Isylaopo {Regen+ Dex+7}
 28438 | D:11     | Found an opulent altar of Gozag.
 28458 | D:11     | Reached skill level 1 in Dodging
 28471 | D:11     | Reached skill level 5 in Spellcasting
 28524 | D:11     | Found Kiga's Distillery.
 28712 | D:11     | Found a staircase to the Orcish Mines.
 29118 | Orc:1    | Entered Level 1 of the Orcish Mines
 29264 | Orc:2    | Entered Level 2 of the Orcish Mines
 29828 | Orc:2    | Found a staircase to the Elven Halls.
 29969 | Orc:2    | Noticed an orc warlord
 29985 | Orc:2    | Killed an orc warlord
 30111 | Orc:2    | Found Qofosh's Magic Scroll Shoppe.
 30813 | Orc:2    | Reached skill level 5 in Armour
 31213 | Orc:2    | Found Faxaut's Weapon Emporium.
 31218 | Orc:2    | Found Hamuuliz's Antique Weapon Boutique.
 31227 | Orc:2    | Found Uhuomapn's Distillery.
 31666 | Orc:2    | Bought a scroll of immolation for 56 gold pieces
 31666 | Orc:2    | Bought a scroll of poison for 56 gold pieces
 31666 | Orc:2    | Bought a scroll of teleportation for 42 gold pieces
 31666 | Orc:2    | Bought a scroll of blinking for 105 gold pieces
 31666 | Orc:2    | Bought a scroll of teleportation for 42 gold pieces
 31666 | Orc:2    | Bought a scroll of identify for 28 gold pieces
 32150 | D:12     | Got the Secrets of Support
 32390 | D:13     | Learned a level 3 spell: Swiftness
 32393 | D:13     | Learned a level 2 spell: Ensorcelled Hibernation
 32501 | D:13     | Reached XP level 15. HP: 75/108 MP: 2/25
 32874 | D:12     | Reached skill level 1 in Ice Magic
 33959 | D:13     | Found a gate to the Vaults.
 34124 | D:13     | Learned a level 4 spell: Summon Ice Beast
 34175 | D:14     | Reached skill level 14 in Axes
 34205 | D:14     | Found Bogim's Assorted Antiques.
 34215 | D:14     | Bought a scroll of poison for 80 gold pieces
 34215 | D:14     | Bought a scroll of fear for 80 gold pieces
 34215 | D:14     | Bought a scroll of vulnerability for 80 gold pieces
 34280 | D:14     | Found a frozen archway.
 34361 | D:14     | Reached skill level 1 in Hexes
 34506 | IceCv    | Entered an ice cave
 35129 | IceCv    | Slain by a minotaur simulacrum

Illustrated notes

Levels and vault maps discovered:
D:1:      lightli_arrival_isolated_outpost, layout_basic
D:2:      layout_basic, basic_altar
D:3:      cheibrodos_helix_gallery, layout_basic, serial_shops, shop, shop,
          shop, shop, minmay_misc_feat_tiny, minmay_statues_item, uniq_terence,
          uniq_grinder
D:4:      layout_basic, lightli_temple_of_fire,
          gammafunk_temple_overflow_elements, dilly_guarded_unrand_throatcut,
          uniq_natasha, uniq_edmund, uniq_pikel
D:5:      layout_loops_cross, nicolae_dithmenos_shadow_blocks,
          lemuel_doored_altar, lemuel_temple_firewalk_b
D:6:      layout_cave_pods, nicolae_ru_sacrificial_ziggurat,
          mainiacjoe_overflow_catwalk, enter_ossuary_1, serial_shops, shop,
          gammafunk_ghost_split, serial_bayou_ford_a, minmay_between
D:7:      layout_loops_ring, general_overflow_altar
D:8:      layout_layer_cave, nemelex_diamond_rough_becter, kennysheep_kite_vault
D:9:      layout_big_octagon, kennysheep_orc_sif_temple, lemuel_tele_altar,
          mainiacjoe_overflow_brackets, lair_entry_dummy, serial_gnoll_camp,
          gnoll_camp_medium_02, gnoll_camp_huts_basic, gnoll_camp_mini_hut,
          gnoll_camp_mini_house, uniq_prince_ribbit1
D:10:     layout_irregular_city, mainiacjoe_overflow_chevrons
D:11:     layout_basic, david_orc_4, serial_shops, shop, grunt_gozag_statues
D:12:     layout_rooms
D:13:     layout_stronghold, david_vaults_4
D:14:     layout_roguey, portal_ice_cave_entry_ice_simulacra, serial_shops,
          shop, nicolae_shop_crystal, nicolae_shop_window_shopping,
          nicolae_shop_statue_plus
Lair:1:   layout_hall_layers, amcnicky_mini_pool_medium, grunt_megastairs_4,
          uniq_amaemon
Lair:2:   layout_gridlike, nicolae_swamp_entry_spooky, pond,
          serial_bayou_shore_b, lemuel_fruit_tree
Lair:3:   layout_chaotic_city, dummy_snake_entry, serial_rivers,
          chequers_serial_rivers_small_3, chequers_serial_rivers_small_b,
          chequers_serial_rivers_room_b, chequers_serial_rivers_micro_c,
          grunt_megastairs_2, infiniplex_staircase_pool_2
Lair:4:   nzn_winding_woodlands_large [nzn_winding_woodlands_5x5_checkerboard,
          nzn_winding_woodlands_5x15_split_checker,
          nzn_winding_woodlands_hourglass, nzn_winding_woodlands_center_lodge,
          nzn_winding_woodlands_15x15_eel_pit,
          nzn_winding_woodlands_center_diamonds,
          nzn_winding_woodlands_5x5_default, nzn_winding_woodlands_5x15_default,
          nzn_winding_woodlands_5x5_open_star], layout_small_grid,
          lemuel_fruit_fields, serial_bayou_shore_b
Lair:5:   evilmike_catoblepas_cave, layout_loops_ring, slime_entry_1,
          gammafunk_ghost_icy
Orc:1:    layout_caves
Orc:2:    st_orc_open, layout_caves, mines2_david
IceCv:    ice_cave_small_demon

Skill      XL: |  1  2  3  4  5  6  7  8  9 10 11 12 13 14 15 |
---------------+----------------------------------------------+-----
Axes           | 3 5 9 10 13 14 | 14.0
Necromancy     | 1 2 3 4 5 6 7 |  7.0
Evocations     | 2 4 7 8 |  8.9
Armour         | 1 2 4 5 |  5.0
Spellcasting   | 2 3 7 |  7.0
Fire Magic     | 4 |  4.0
Fighting       | 4 6 7 |  7.6
Shields        | 4 9 10 | 10.7
Air Magic      | 2 |  2.5
Poison Magic   | 2 |  2.0
Throwing       | 2 |  2.0
Dodging        | 3 4 |  4.0
Ice Magic      | 2 |  2.3
Hexes          | 1 |  1.4

Action                     |  1- 3 |  4- 6 |  7- 9 | 10-12 | 13-15 || total
---------------------------+-------+-------+-------+-------+-------++-------
  Melee: Hand axe          |    59 |    23 |   124 |     5 |    49 ||   260
         Punch             |       |       |     2 |     2 |       ||     4
         War axe           |       |       |    55 |   696 |  1195 ||  1946
  Throw: Dart              |     5 |       |       |     4 |    34 ||    43
         Boomerang         |       |       |       |       |     1 ||     1
   Cast: Necrotise         |    13 |    15 |    42 |    35 |    12 ||   117
         Scorch            |    19 |    38 |   211 |   183 |   196 ||   647
         Vampiric Draining |       |       |     1 |    19 |    90 ||   110
         Cigotuvi's Dreadf |       |       |       |     1 |       ||     1
         Swiftness         |       |       |       |       |     1 ||     1
         Ensorcelled Hiber |       |       |       |       |     1 ||     1
 Invoke: Fiery Armour      |       |       |     3 |     3 |       ||     6
  Evoke: Wand              |       |     2 |     6 |    13 |    27 ||    48
         Box of beasts     |       |       |       |     1 |     5 ||     6
         Condenser vane    |       |       |       |       |     3 ||     3
    Use: Scroll            |       |     4 |    11 |     3 |    16 ||    34
   Stab: Distracted        |       |       |     1 |     1 |     1 ||     3
         Sleeping          |       |       |       |     2 |     1 ||     3
         Paralysed         |       |       |       |       |    24 ||    24
 Armour: Robe              |    11 |       |       |       |       ||    11
         Leather armour    |    13 |    13 |    21 |       |   312 ||   359
         Ring mail         |       |       |   158 |    11 |       ||   169
         Steam dragon scal |       |       |       |   452 |   247 ||   699
  Dodge: Dodged            |    45 |    32 |   179 |   466 |   581 ||  1303
  Block: Buckler           |       |       |       |    51 |       ||    51
         Kite shield       |       |       |       |   301 |   790 ||  1091

Table legend: (Time is in decaauts)
 A = Elapsed time spent in this place.
 B = Non-inter-level travel time spent in this place.
 C = Inter-level travel time spent in this place.
 D = Time resting spent in this place.
 E = Time spent auto-exploring this place.
 F = Levels seen in this place.
 G = Mean time per level.
                   A        B        C        D        E       F      G
               +--------+--------+--------+--------+--------+-----+--------+
         Total |  35280 |  32831 |   2449 |   5479 |  19728 |  23 | 1533.9 |
       Dungeon |  18522 |  16767 |   1755 |   1295 |  11783 |  14 | 1323.0 |
          Lair |  12519 |  12174 |    345 |   3057 |   6344 |   5 | 2503.8 |
  Orcish Mines |   2581 |   2233 |    348 |    603 |    920 |   2 | 1290.5 |
       Ossuary |   1022 |   1022 |      0 |    201 |    549 |   1 | 1022.0 |
      Ice Cave |    634 |    634 |      0 |    322 |    131 |   1 |  634.0 |
               +--------+--------+--------+--------+--------+-----+--------+

Top non-repeatable levels by time:
  Lair:5: 3859 daAuts
  Lair:4: 3239 daAuts
     D:6: 2494 daAuts
  Lair:1: 2220 daAuts
     D:5: 1837 daAuts
     D:9: 1760 daAuts
  Lair:2: 1694 daAuts
     D:4: 1693 daAuts
    D:13: 1622 daAuts
     D:8: 1535 daAuts
     D:3: 1511 daAuts
  Lair:3: 1505 daAuts
   Orc:2: 1410 daAuts
    D:11: 1212 daAuts
   Orc:1: 1171 daAuts
